Map: Acropolis LE

Players

SortOf

  • Race: Zerg Zerg
  • League: Master
  • Spawn Location: 11:00

Serral - Winner!

  • Race: Zerg Zerg
  • League: Grandmaster
  • Spawn Location: 5:00

Event: HomeStory Cup XIX

VOD

Have the link to the VOD?

Description

Time

  • Played on: June 27, 2019, 4:05 p.m.
  • Length: 9:42

All games in this series

Show
View Real Time Build Order
Export as new Build Order

SortOf Zerg 

Build Orders: Hatch First, Muta Ling Bane 

Get SALT Encoding   

  12  0:00  Drone  
  13  0:12  Overlord  
  13  0:16  Drone  
  14  0:30  Drone x2  
  16  0:48  Hatchery  
  15  0:51  Drone  
  15  0:54  Drone  
  17  0:57  Drone  
  18  1:08  Extractor  
  17  1:14  Spawning Pool  
  17  1:16  Drone  
  17  1:19  Drone  
  18  1:28  Drone  
  19  1:39  Drone  
  20  1:50  Overlord  
  20  2:00  Queen x2  
  24  2:01  Drone x2  
  26  2:11  Drone x2  
  28  2:20  Metabolic Boost  
  28  2:21  Drone  
  28  2:22  Drone  
  30  2:32  Hatchery  
  30  2:34  Zergling x2  
  31  2:37  Zergling x2  
  31  2:45  Baneling Nest  
  31  2:46  Drone x2  
  32  2:55  Overlord  
  32  2:57  Drone  
  33  3:04  Drone  
  33  3:05  Drone  
  35  3:10  Drone  
  35  3:11  Overlord  
  36  3:14  Drone x4  
  36  3:19  Drone  
  42  3:20  Drone  
  42  3:23  Evolution Chamber  
  41  3:27  Queen  
  41  3:29  Zergling x2  
  41  3:32  Zergling x2  
  45  3:34  Baneling  
  45  3:35  Baneling  
  44  3:41  Zergling x8  
  44  3:46  Zergling x2  
  44  3:48  Queen  
  49  3:54  Zergling x2  
  49  3:55  Zergling x2  
  51  4:06  Drone x4  
  51  4:08  Lair  
  50  4:13  Drone  
  50  4:15  Drone x4  
  55  4:21  Overlord  
  55  4:27  Extractor  
  55  4:29  Extractor  
  55  4:30  Drone x2, Extractor  
  54  4:35  Drone x3  
  54  4:37  Zerg Melee Weapons Level 1  
  57  4:39  Overlord  
  57  4:44  Drone x3  
  59  4:56  Roach Warren  
  59  4:59  Drone x2  
  60  5:01  Roach Warren  
  60  5:02  Drone x6  
  65  5:09  Spire  
  65  5:11  Drone x2  
  66  5:18  Drone x3  
  69  5:23  Drone x4  
  69  5:26  Overlord  
  73  5:29  Overlord  
  73  5:30  Extractor  
  73  5:31  Extractor  
  73  5:33  Overlord  
  71  5:38  Drone x3  
  71  5:42  Overlord  
  73  5:46  Drone x5  
  78  5:52  Drone x4  
  82  6:01  Zergling x4  
  84  6:07  Zergling x2  
  84  6:08  Zergling x8  
  84  6:09  Zergling x4, Hatchery  
  90  6:13  Overlord  
  90  6:25  Mutalisk x5  
  90  6:27  Zerg Flyer Weapons Level 1  
  90  6:31  Mutalisk x3  
  105  6:41  Mutalisk x3  
  105  6:45  Overlord  
  111  6:55  Mutalisk  
  111  6:56  Hatchery  
  111  6:57  Overlord x4  
  111  6:59  Centrifical Hooks  
  112  7:03  Overseer  
  112  7:05  Mutalisk  
  114  7:11  Mutalisk  
  114  7:12  Zergling x2  
  114  7:13  Zergling x8  
  120  7:24  Mutalisk  
  120  7:25  Mutalisk x2  
  120  7:29  Zergling x16  
  134  7:43  Mutalisk x3  
  138  7:47  Zergling x16  
  145  7:55  Overlord  
  145  7:56  Zergling x2  
  145  7:57  Zergling x4  
  147  8:01  Zergling x2  
  147  8:02  Zergling x10  
  147  8:05  Overlord x2  
  153  8:10  Baneling x17  
  153  8:13  Zergling x16  
  153  8:14  Baneling  
  153  8:15  Baneling  
  153  8:19  Zergling x2  
  163  8:27  Zergling x14  
  169  8:36  Zergling x12  
  170  8:45  Zergling x16  
  173  8:53  Baneling x15  
  153  9:04  Zergling x14  
  153  9:07  Zergling x2  
  153  9:08  Zergling x10  
  132  9:23  Overlord  
Show
View Real Time Build Order
Export as new Build Order

Serral Zerg - Winner!

Build Orders: Hatch First 

Get SALT Encoding   

  12  0:00  Drone  
  13  0:12  Overlord  
  13  0:16  Drone  
  14  0:30  Drone x2  
  16  0:47  Hatchery  
  15  0:51  Drone  
  15  0:54  Drone  
  17  0:57  Drone  
  18  1:08  Extractor  
  17  1:13  Spawning Pool  
  17  1:16  Drone  
  17  1:19  Drone  
  18  1:28  Drone  
  19  1:38  Drone  
  20  1:49  Drone  
  21  2:01  Queen x2  
  23  2:02  Zergling x2, Overlord  
  26  2:09  Metabolic Boost  
  26  2:10  Drone  
  26  2:12  Drone  
  28  2:20  Drone  
  28  2:21  Drone  
  30  2:33  Hatchery  
  30  2:35  Drone  
  30  2:38  Drone  
  30  2:42  Baneling Nest  
  30  2:47  Overlord  
  30  2:50  Drone  
  31  2:55  Drone  
  31  2:56  Drone  
  33  3:10  Zergling x14  
  40  3:14  Zergling x2  
  40  3:19  Overlord  
  41  3:25  Zergling x2  
  41  3:26  Queen  
  44  3:28  Baneling x2  
  44  3:35  Evolution Chamber  
  44  3:38  Drone x3  
  46  3:42  Drone x2  
  46  3:43  Drone  
  46  3:45  Drone  
  46  3:47  Drone  
  51  3:53  Overlord  
  52  3:55  Drone x2  
  52  3:58  Drone  
  53  4:05  Drone x2  
  53  4:06  Baneling, Zerg Missile Weapons Level 1  
  53  4:07  Baneling  
  54  4:11  Drone, Overlord  
  54  4:13  Drone  
  54  4:15  Drone  
  54  4:16  Drone  
  58  4:24  Zergling x2  
  59  4:25  Drone x5  
  59  4:30  Extractor x2  
  62  4:32  Drone x3  
  62  4:37  Lair  
  65  4:41  Roach Warren  
  65  4:43  Drone  
  65  4:47  Drone x2  
  65  4:50  Baneling  
  66  4:53  Overlord  
  66  4:54  Zergling x2, Drone x2  
  66  4:55  Drone x2  
  66  4:57  Drone x2  
  73  5:03  Overlord  
  73  5:12  Pneumatized Carapace  
  73  5:13  Drone x8, Extractor  
  80  5:17  Extractor x2  
  80  5:18  Overlord  
  78  5:21  Overlord  
  78  5:27  Roach x4  
  86  5:35  Overseer  
  86  5:41  Drone x2  
  86  5:42  Drone  
  88  5:46  Drone  
  88  5:48  Roach  
  88  5:49  Roach x5  
  101  5:56  Evolution Chamber  
  100  5:58  Drone, Hatchery  
  100  6:02  Zerg Missile Weapons Level 2  
  100  6:03  Glial Reconstitution  
  100  6:05  Overlord x2  
  100  6:07  Overlord  
  100  6:08  Roach x3  
  106  6:22  Queen x3  
  112  6:30  Overlord  
  112  6:33  Drone  
  112  6:34  Drone x7, Zerg Ground Armor Level 1  
  112  6:37  Spore Crawler x2  
  118  6:40  Baneling x3  
  118  6:42  Spore Crawler  
  118  6:44  Baneling, Spore Crawler  
  116  6:48  Drone x3  
  116  6:52  Spore Crawler  
  116  6:54  Overlord  
  118  6:58  Spore Crawler  
  117  7:05  Queen x2  
  117  7:06  Infestation Pit, Queen  
  117  7:07  Nydus Network  
  121  7:12  Drone  
  121  7:13  Drone x2  
  123  7:18  Spore Crawler  
  123  7:20  Drone x2  
  123  7:21  Roach x4  
  128  7:26  Spore Crawler  
  128  7:28  Overlord  
  128  7:29  Spore Crawler  
  126  7:30  Overlord  
  126  7:31  Roach x2  
  126  7:34  Overseer  
  130  7:38  Roach x2  
  133  7:46  Spawning Pool  
  133  7:49  Infestor x4  
  140  8:03  Hive  
  140  8:06  Drone x3  
  140  8:07  Drone, Nydus Canal  
  140  8:09  Overlord x6  
  140  8:11  Tunneling Claws  
  144  8:26  Overlord x2  
  144  8:28  Nydus Canal  
  144  8:33  Spore Crawler  
  143  8:34  Roach  
  143  8:35  Roach x6, Spore Crawler  
  143  8:39  Drone  
  143  8:40  Drone, Spore Crawler  
  157  8:42  Roach, Spore Crawler  
  157  8:44  Roach  
  157  8:46  Roach x2  
  158  8:54  Queen x2  
  156  9:02  Roach x5  
  164  9:09  Spore Crawler  
  157  9:10  Drone  
  157  9:13  Roach x6  
  162  9:21  Roach x2  
  160  9:34  Hydralisk Den  
  157  9:41  Spore Crawler  
Tags
 
Add a new tag
Caveats
  • Supply blocks, unpowered buildings, or Contaminate may cause inaccurate times.
  • Supply counts are checked every 10 seconds.